 Dungeon Crawl Stone Soup version 0.25-a0-589-g1e14c549ee (webtiles) character file.

Game seed: 9778092824260753990, levelgen mode: deterministic

119 wullow the Skirmisher (level 4, 0/37 HPs)
             Began as a Demonspawn Fighter on Mar 11, 2020.
             Slain by Sigmund
             ... wielding a +0 scythe
              (3 damage)
             ... on level 2 of the Dungeon.
             The game lasted 00:03:38 (1244 turns).

wullow the Skirmisher (Demonspawn Fighter)          Turns: 1244, Time: 00:03:39

Health: 0/37       AC:  8    Str: 17    XL:     4   Next: 74%
Magic:  4/4        EV:  7    Int:  9    God:
Gold:   73         SH:  9    Dex: 13    Spells: 0/3 levels left

rFire    . . .     SeeInvis .   a - +0 rapier
rCold    . . .     Gourm    .   c - +0 kite shield
rNeg     . . .     Faith    .   b - +0 scale mail
rPois    .         Spirit   .   (no helmet)
rElec    .         Reflect  .   (no cloak)
rCorr    .         Harm     .   (no gloves)
MR       .....                  (no boots)
Stlth    ..........             (no amulet)
HPRegen  0.12/turn              (no ring)
MPRegen  0.09/turn              (no ring)

@: no status effects
A: hooves 1, slimy green scales 1
a: no special abilities


You were on level 2 of the Dungeon.
You were not hungry.

You visited 1 branch of the dungeon, and saw 2 of its levels.

You collected 73 gold pieces.

Inventory:

Hand Weapons
 a - a +0 rapier (weapon)
Missiles
 e - 25 stones (quivered)
 l - 38 arrows
 o - 17 sling bullets
Armour
 b - a +0 scale mail (worn)
 c - a +0 kite shield (worn)
Scrolls
 i - 5 scrolls of identify {unknown}
 j - a scroll of amnesia {unknown}
 k - 2 scrolls of remove curse {unknown}
 m - 2 scrolls of blinking {unknown}
 n - a scroll of random uselessness {unknown}
 p - a scroll of enchant armour {unknown}
Potions
 d - a potion of might
 g - 4 potions of brilliance {unknown}
 h - 3 potions of curing {unknown}
Comestibles
 f - 5 rations
 q - a chunk of flesh


   Skills:
 + Level 3.7 Fighting
 * Level 3.0 Short Blades
 - Level 3.3 Armour
 - Level 1.2 Dodging
 * Level 2.9 Shields


You couldn't memorise any spells.
You knew the following spells:

 Your Spells              Type           Power        Failure   Level  Hunger
a - Confusing Touch       Hex            #.......     100%        3    ####...

Your spell library contained the following spells:

 Spells                   Type           Power        Failure   Level  Hunger
 Corona                   Hex            #......      99%         1    ##.....
 Ensorcelled Hibernation  Hex/Ice        #.....       100%        2    ###....
 Dazzling Flash           Conj/Hex       #.....       100%        3    ####...
 Tukima's Dance           Hex            #.......     100%        3    ####...


Dungeon Overview and Level Annotations

Branches:
Dungeon (2/15)

Altars:

Annotations:
D:2 Sigmund


Innate Abilities, Weirdness & Mutations

You have large cloven feet.
You are partially covered in slimy green scales. (AC +2)


Message History

The goblin hits you but does no damage.
You hear some strange, mumbled words.
A magic dart appears from out of thin air!
The magic dart hits you!
You miss something. The goblin hits you but does no damage. Something hits you.
* * * LOW HITPOINT WARNING * * *
The goblin hits you but does no damage.
You bump into the rock wall.
Something hits you.
* * * LOW HITPOINT WARNING * * *
The goblin hits you but does no damage.
You bump into the rock wall.
You barely miss something.
You feel less confused. You block the goblin's attack. Something hits you.
* * * LOW HITPOINT WARNING * * *
You hit something but do no damage. You block the goblin's attack.
Something hits you.
* * * LOW HITPOINT WARNING * * *
You closely miss something. You block the goblin's attack. Something hits you.
You die...

..########
#......# #.#
### #..†..##
#.# # # #.....#
#.### ?.
#.....# #....
... #.....#
##### ....
#..<..# ....)
#.....#
...>..###.#####
.....g{@..#
......g####
####'#. # #. #.
#. .. ##


You could see 2 goblins.

Vanquished Creatures
  A scorpion (D:2)
  2 oozes (D:1)
  A worm (D:2)
  A dart slug (D:1)
  2 leopard geckos (D:2)
  A ball python (D:1)
  5 bats
  A giant cockroach (D:2)
  8 goblins
  5 hobgoblins
  10 jackals
  7 kobolds
  2 frilled lizards
  A rat (D:2)
47 creatures vanquished.

Notes
Turn   | Place    | Note
-------+----------+-------------------------------------------
     0 | D:1      | wullow the Demonspawn Fighter began the quest for the Orb.
     0 | D:1      | Reached XP level 1. HP: 18/18 MP: 1/1
    27 | D:1      | Gained mutation: You are partially covered in slimy green
                  | scales. (AC +2) [demonic ancestry]
    27 | D:1      | Reached XP level 2. HP: 23/24 MP: 2/2
   428 | D:1      | Reached XP level 3. HP: 29/29 MP: 3/3
   853 | D:2      | Noticed a scorpion
   865 | D:2      | Killed a scorpion
   865 | D:2      | Reached skill level 1 in Dodging
   865 | D:2      | Gained mutation: You have large cloven feet. [demonic
                  | ancestry]
   865 | D:2      | Reached XP level 4. HP: 23/36 MP: 4/4
  1162 | D:2      | Learned a level 3 spell: Confusing Touch
  1223 | D:2      | Noticed Sigmund
  1244 | D:2      | Slain by Sigmund

Levels and vault maps discovered:
D:1:      lightli_arrival_maybe_door_vault, layout_rooms,
          minmay_misc_feat_enclosed, minmay_box_of_dots
D:2:      layout_basic, nrook_campfire, uniq_sigmund

Skill      XL: |  1  2  3  4 |
---------------+-------------+-----
Short Blades   | 2 3 |  3.0
Armour         | 3 |  3.3
Dodging        | 1 |  1.2
Fighting       | |  3.7
Shields        | |  2.9

Action                   |  1- 3 |  4- 6 || total
-------------------------+-------+-------++-------
Melee: Rapier            |   122 |    53 ||   175
       Kick              |       |    10 ||    10
  Eat: Chunk             |       |     1 ||     1
Armor: Scale mail        |    62 |    19 ||    81
Dodge: Dodged            |    31 |    11 ||    42
Block: Kite shield       |    53 |    27 ||    80

Table legend:
 A = Non-vault XP
 B = Vault XP
 C = Vault XP percentage of total XP
 D = Non-vault monster count
 E = Vault monster count
 F = Vault count percentage of total count
                 A         B        C        D         E       F
            +---------+---------+-------+---------+---------+-------
      Total |     164 |       7 |   4.1 |      43 |       4 |   8.5
            +---------+---------+-------+---------+---------+-------
        D:1 |      48 |       7 |  12.7 |      19 |       4 |  17.4
        D:2 |     116 |       0 |   0.0 |      24 |       0 |   0.0
            +---------+---------+-------+---------+---------+-------
